 Dungeon Crawl Stone Soup version 0.28-a0-804-g60983d4ba9 (webtiles) character file.

Game seed: 6031373373497015920

1135 devnull the Spear-Bearer (level 8, -3/64 HPs)
             Began as a Merfolk Gladiator on Nov 8, 2021.
             Was a Follower of Zin.
             Slain by a sky beast (4 damage)
             ... on level 6 of the Dungeon.
             The game lasted 00:21:31 (5317 turns).

devnull the Spear-Bearer (Merfolk Gladiator)        Turns: 5317, Time: 00:21:31

Health: -3/64      AC:  9    Str: 16    XL:     8   Next: 36%
Magic:  8/8        EV: 15    Int:  7    God:    Zin [*.....]
Gold:   182        SH:  0    Dex: 16    Spells: 7/7 levels left

rFire   + . .      SeeInvis .   a - +0 trident
rCold   . . .      Faith    .   (no shield)
rNeg    . . .      Spirit   .   b - +0 leather armour
rPois   .          Reflect  .   c - +0 helmet
rElec   +          Harm     .   g - +0 cloak
rCorr   .          Rampage  .   (no gloves)
Will    .....                   (no boots)
Stlth   ++........              (no amulet)
HPRegen 0.20/turn               f - ring of Linucaim {rElec rF+ AC+4 Stlth+}
MPRegen 0.11/turn               (no ring)

@: slowed, very slow
A: (nimble swimmer 2), mertail
a: Renounce Religion, Recite, Donate Gold


You were on level 6 of the Dungeon.
You worshipped Zin.
Zin was aware of your devotion.
You visited 2 branches of the dungeon, and saw 7 of its levels.

You collected 202 gold pieces.
You donated 20 gold pieces to Zin.

Inventory:

Hand Weapons
 a - a +0 trident (weapon)
 l - a +1 dagger of electrocution
 w - a +1 mace of venom
Missiles
 h - 2 throwing nets (quivered)
Armour
 b - a +0 leather armour (worn)
 c - a +0 helmet (worn)
 g - a +0 cloak (worn)
 p - a +0 kite shield
Jewellery
 f - the ring of Linucaim (left hand) {rElec rF+ AC+4 Stlth+}
   (You acquired it on level 1 of the Dungeon)

   [ring of protection]

   AC:        It affects your AC (+4).
   rF:        It protects you from fire.
   rElec:     It insulates you from electricity.
   Stlth:     It makes you more stealthy.
Wands
 n - a wand of mindburst (18)
 s - a wand of digging (3)
 y - a wand of iceblast (8)
Scrolls
 e - 2 scrolls of enchant weapon
 m - a scroll of enchant armour
 o - 2 scrolls of teleportation
 t - 2 scrolls of noise {unknown}
 v - a scroll of brand weapon {unknown}
Potions
 d - a potion of degeneration
 i - a potion of might
 j - a potion of flight {unknown}
 k - a potion of resistance {unknown}
 q - a potion of lignification {unknown}
 r - a potion of curing {unknown}
 u - a potion of attraction {unknown}
 x - a potion of haste {unknown}


   Skills:
 + Level 5.7 Fighting
 + Level 8.8 Polearms
 - Level 2.0 Throwing
 - Level 0.1 Armour
 + Level 7.9 Dodging
 + Level 3.2 Shields


You had 7 spell levels left.
You didn't know any spells.
Your spell library was empty.

Dungeon Overview and Level Annotations

Branches:
Dungeon (6/15)             Temple (1/1) D:5

Altars:
Ashenzari
Cheibriados
Dithmenos
Elyvilon
Fedhas
Gozag
Hepliaklqana
Kikubaaqudgha
Makhleb
Okawaru
Qazlal
Ru
Sif Muna
Uskayaw
Vehumet
Wu Jian
Xom
Yredelemnul
Zin

Shops:
D:2 !*

Annotations:
D:3 grinder, Grinder


Innate Abilities, Weirdness & Mutations

((You are quick and stealthy near water. (Stealth+, EV+, Speed+++)))
Your lower body shifts to a powerful aquatic tail in water.


Message History

The wraith is severely damaged.
The wraith hits you! The wraith drains your vigour!
You feel as though you will be slow longer.
You barely miss the wraith.
The wraith is severely damaged.
The wraith hits you. The wraith drains your vigour!
You feel as though you will be slow longer.
The wraith hits you. The wraith drains your vigour!
You feel as though you will be slow longer.
You are too injured to fight recklessly!
You are too injured to fight recklessly!
You barely miss the wraith.
The wraith is severely damaged.
The wraith completely misses you.
Okay, then.
As you read the scroll of teleportation, it crumbles to dust.
You feel strangely unstable. The wraith hits you!
* * * LOW HITPOINT WARNING * * *
The wraith drains your vigour!
You feel as though you will be slow longer.
The wraith hits you!
* * * LOW HITPOINT WARNING * * *
The wraith drains your vigour!
You feel as though you will be slow longer.
The wraith hits you but does no damage.
Your surroundings suddenly seem different.
An iguana, a sky beast, an orc and a shadow imp come into view.
Found a garnet ring and a mace.
Found an escape hatch in the ceiling.
The orc shouts!
The iguana hisses angrily.
The shadow imp shouts!
Okay, then.
Okay, then.
The sky beast barely misses you. The orc hits you but does no damage.
The sky beast barely misses you. The orc misses you.
The sky beast closely misses you. The shadow imp gestures at you.
Pain shoots through your body!
* * * LOW HITPOINT WARNING * * *
The sky beast hits you.
You die...

#.#
#.......=.#
#.#
#.........#
#.#
#.........#
#'######
#.........#
.......#
#....5....###
.......#
#............
.......#
#....l....#
...(...#
#.....Y...#
.......#
#.....o@<)#
#.######
#########.#
#.# # #.#


You could see a sky beast, an iguana, a shadow imp and an orc.

Vanquished Creatures
  Sigmund (D:2)
  A water moccasin (D:5)
  An ice beast (D:5)
  A sky beast (D:5)
  An ogre (D:6)
  A phantom (D:5)
  A scorpion (D:5)
  A howler monkey (D:4)
  3 orc priests
  2 hounds
  A bullfrog skeleton (D:6)
  An iguana (D:6)
  Terence (D:2)
  2 orc wizards
  A hound skeleton (D:4)
  5 adders
  2 white imps
  An adder skeleton (D:4)
  4 worms
  3 dart slugs
  8 orcs
  5 bats
  7 endoplasms
  2 giant cockroaches (D:1)
  5 goblins
  4 hobgoblins
  4 jackals (D:3)
  4 kobolds
  3 quokkas
  4 ball pythons
  3 frilled lizards
  8 rats
91 creatures vanquished.

Vanquished Creatures (others)
  2 fungi (D:1)
2 creatures vanquished.

Grand Total: 93 creatures vanquished

Notes
Turn   | Place    | Note
-------+----------+-------------------------------------------
     0 | D:1      | devnull the Merfolk Gladiator began the quest for the Orb.
     0 | D:1      | Reached XP level 1. HP: 16/16 MP: 1/1
    59 | D:1      | Found a faded altar of an unknown god.
    67 | D:1      | Reached XP level 2. HP: 22/22 MP: 2/2
    90 | D:1      | Reached skill level 5 in Polearms
   382 | D:1      | Reached XP level 3. HP: 27/27 MP: 3/3
   398 | D:1      | Identified a scroll of acquirement
   399 | D:1      | Acquired the ring of Linucaim {rElec rF+ AC+4 Stlth+}
   942 | D:2      | Noticed Sigmund
  1045 | D:2      | Killed Sigmund
  1046 | D:2      | Reached skill level 6 in Polearms
  1046 | D:2      | Reached skill level 5 in Dodging
  1046 | D:2      | Reached XP level 4. HP: 13/36 MP: 4/4
  1046 | D:2      | Reached XP level 5. HP: 15/41 MP: 5/5
  1256 | D:2      | Noticed Terence
  1273 | D:2      | Killed Terence
  1386 | D:2      | Found Lohofod's Assorted Antiques.
  1607 | D:2      | Reached XP level 6. HP: 48/48 MP: 6/6
  1693 | D:2      | Found Cadewkiz's Distillery.
  2384 | D:3      | Reached skill level 7 in Polearms
  2717 | D:3      | Found a snail-covered altar of Cheibriados.
  2718 | D:3      | Found an iron altar of Okawaru.
  2933 | D:3      | Noticed Grinder
  3443 | D:4      | Reached skill level 1 in Shields
  3443 | D:4      | Reached XP level 7. HP: 52/55 MP: 7/7
  3625 | D:4      | Found a hazy altar of Hepliaklqana.
  3971 | D:5      | Entered Level 5 of the Dungeon
  4022 | D:5      | Found a staircase to the Ecumenical Temple.
  4173 | D:5      | Reached skill level 5 in Fighting
  4347 | D:5      | Reached skill level 8 in Polearms
  4578 | D:5      | Reached XP level 8. HP: 55/63 MP: 8/8
  4977 | D:5      | Found a shimmering altar of Xom.
  5047 | Temple   | Entered the Ecumenical Temple
  5116 | Temple   | Became a worshipper of Zin the Law-Giver
  5116 | Temple   | Reached * piety under Zin
  5295 | D:6      | Noticed a wraith
  5317 | D:6      | HP: 1/64 [shadow imp/nerve-wracking pain (11)]
  5317 | D:6      | Slain by a sky beast

Illustrated notes

Levels and vault maps discovered:
D:1:      elethiomel_arrival_shortcut, layout_basic,
          shapermc_ecumenical_altar_gd
D:2:      layout_basic, serial_shops, shop_statue, shop, uniq_terence,
          uniq_sigmund
D:3:      layout_loops_cross, chequers_temple_overflow_statue_of_worship,
          kennysheep_another_room, kennysheep_doodads, uniq_grinder
D:4:      layout_loops_ring, nicolae_overflow_crystal_walls, grunt_ministairs_13
D:5:      layout_loops_cross, general_overflow_altar,
          minmay_temple_entry_gardened_gates
D:6:      layout_basic, overflow_temple_1_default, glass_columns_a
Temple:   nicolae_temple_no_exploring_needed

Skill      XL: |  1  2  3  4  5  6  7  8 |
---------------+-------------------------+-----
Polearms       | 5 6 7 8 |  8.8
Fighting       | 3 4 5 |  5.7
Dodging        | 5 6 7 |  7.9
Shields        | 1 2 3 |  3.2
Throwing       | |  2.0
Armour         | |  0.1

Action                   |  1- 3 |  4- 6 |  7- 9 || total
-------------------------+-------+-------+-------++-------
Melee: Trident           |    72 |   169 |   166 ||   407
Throw: Throwing net      |     3 |       |       ||     3
  Use: Scroll            |     2 |     3 |     2 ||     7
 Stab: Sleeping          |     5 |     9 |     5 ||    19
       Distracted        |       |     2 |       ||     2
Armor: Leather armour    |    11 |    40 |    49 ||   100
Dodge: Dodged            |    34 |    90 |    57 ||   181

Table legend: (Time is in decaauts)
 A = Elapsed time spent in this place.
 B = Non-inter-level travel time spent in this place.
 C = Inter-level travel time spent in this place.
 D = Time resting spent in this place.
 E = Time spent auto-exploring this place.
 F = Levels seen in this place.
 G = Mean time per level.
                   A        B        C        D        E       F      G
               +--------+--------+--------+--------+--------+-----+--------+
         Total |   5299 |   5008 |    291 |    172 |   3907 |   7 |  757.0 |
       Dungeon |   5229 |   5006 |    223 |    172 |   3907 |   6 |  871.5 |
        Temple |     70 |      2 |     68 |      0 |      0 |   1 |   70.0 |
               +--------+--------+--------+--------+--------+-----+--------+

Top non-repeatable levels by time:
     D:2: 1258 daAuts
     D:5: 1092 daAuts
     D:3: 906 daAuts
     D:1: 903 daAuts
     D:4: 898 daAuts
     D:6: 170 daAuts
  Temple: 70 daAuts
